 Dungeon Crawl Stone Soup version 0.19.1-28-ge1247f7 (webtiles) character file.

67 dngmouse the Cudgeler (level 3, -5/33 HPs)
             Began as a Minotaur Fighter on Jan 21, 2017.
             Killed by divine providence
             ... invoked by an orc priest
              (16 damage)
             ... on level 3 of the Dungeon.
             The game lasted 00:03:09 (1474 turns).

dngmouse the Cudgeler (Minotaur Fighter)            Turns: 1474, Time: 00:03:11

Health: -5/33      AC:  9    Str: 20    XL:     3   Next: 98%
Magic:  2/2        EV:  7    Int:  5    God:
Gold:   134        SH:  9    Dex: 10    Spells: 0 memorised, 2 levels left

rFire  . . .     SeeInvis .     a - +0 flail
rCold  . . .     Gourm    .     b - +0 scale mail
rNeg   . . .     Faith    .     c - +0 shield
rPois  .         Spirit   .     (helmet restricted)
rElec  .         Reflect  .     (no cloak)
rCorr  .         Harm     .     h - +1 pair of gloves
MR     .....                    (no boots)
Stlth  ..........               (no amulet)
                                (no ring)
                                (no ring)

@: lethally poisoned (-5 -> -8)
A: retaliatory headbutt, horns 2
a: no special abilities


You were on level 3 of the Dungeon.
You were not hungry.

You visited 1 branch of the dungeon, and saw 3 of its levels.

You collected 134 gold pieces.

Inventory:

Hand Weapons
 a - a +0 flail (weapon)
Armour
 b - a +0 scale mail (worn)
 c - a +0 shield (worn)
 h - a +1 pair of gloves (worn)
Scrolls
 l - a scroll of noise {unknown}
Potions
 d - a potion of might
 e - a potion of degeneration {unknown}
 g - a potion of haste {unknown}
 j - a potion of curing {unknown}
 k - a potion of berserk rage
 m - a potion of brilliance {unknown}
 n - a potion of flight {unknown}
Comestibles
 f - 2 bread rations
 i - a chunk of flesh


   Skills:
 + Level 4.2 Fighting
 * Level 4.7 Maces & Flails
 - Level 3.6 Armour
 - Level 3.6 Shields


You had 2 spell levels left.
You didn't know any spells.

Dungeon Overview and Level Annotations

Branches:
Dungeon (3/15)

Altars:
Cheibriados
Ru
Yredelemnul


Innate Abilities, Weirdness & Mutations

You reflexively headbutt those who attack you in melee.
You have a pair of horns on your head.


Message History

You block the quokka's attack.
The orc priest calls down the wrath of Beogh upon you.
Beogh smites you! You block the quokka's attack.
The quokka bites you but does no damage.
You feel sick.
The orc priest miscasts a cantrip.
The quokka closely misses you.
The quokka bites you but does no damage.
You miss the quokka. Your headbutt misses the quokka.
You feel sick.
You block the quokka's attack. x2; The quokka barely misses you.
You hit the quokka.
You kill the quokka!
You block the quokka's attack. The quokka bites you.
You barely miss the orc. Your headbutt misses the orc.
The quokka bites you but does no damage.
You hit the orc but do no damage. You block the quokka's attack.
The orc hits you but does no damage. The orc barely misses you. x2
The orc priest calls down the wrath of Beogh upon you.
Beogh smites you!
You die...

######## ......
####....(.# ......
###.........# #......
##...##......# (......
#†.####......# o>.....
#†## ########## .......
#.# ##...(o@##......<
###.# ##.....ooro.......
....#####.......(o........
#####..............##.....
# ##.###..........# #### #
#..# #..........#
####.####..........#
.......###.....<..##
###............>...#


You could see an orc priest, 4 orcs and a quokka.

Vanquished Creatures
  2 adders (D:2)
  3 dart slugs
  An orc (D:3)
  2 giant cockroaches
  2 goblins (D:1)
  8 hobgoblins
  7 jackals
  3 quokkas
  A bat (D:1)
  A frilled lizard (D:3)
  5 kobolds
  3 rats
38 creatures vanquished.

Notes
Turn   | Place    | Note
-------+----------+-------------------------------------------
     0 | D:1      | dngmouse the Minotaur Fighter began the quest for the Orb.
     0 | D:1      | Reached XP level 1. HP: 19/19 MP: 0/0
    76 | D:1      | Reached XP level 2. HP: 19/27 MP: 1/1
   727 | D:2      | Reached XP level 3. HP: 31/33 MP: 2/2
   823 | D:2      | Found a snail-covered altar of Cheibriados.
   953 | D:2      | Found a sacrificial altar of Ru.
  1086 | D:2      | Found a faded altar of an unknown god.
  1366 | D:3      | Found a basalt altar of Yredelemnul.
  1474 | D:3      | Killed from afar by an orc priest

Skill      XL: |  1  2  3 |
---------------+----------+-----
Maces & Flails | 3 4 |  4.7
Fighting       | 4 |  4.2
Armour         | |  3.6
Shields        | |  3.6

Action                   || total
-------------------------++-------
Melee: Flail             ||   104
       Headbutt          ||    14
  Use: Scroll            ||     3
  Eat: Chunk             ||     2
Armor: Scale mail        ||    46
Dodge: Dodged            ||    33
Block: Shield            ||    47
